Unix NetHack Version 5.0.0-0 post-release - last build May 31 2026 23:59:36 (970b52f25bf058293b47ddfd14a1e40e571c508c,branch:main).

Game began 2026-06-08 18:10:19, ended 2026-06-08 18:21:02.

ARFwashere, neutral male human Archeologist

                                                        .|.
                                                       h.).
                                 ...                   -@..
                                 -...                  --.
                                 -....
                                 ......
                                --%...-
                                |..%..|
                                -....-

ARFwashere the Field Worker  St:12 Dx:8 Co:10 In:17 Wi:17 Ch:10  Neutral
Dlvl:3  $:145 HP:0(24) Pw:14(14) AC:8  Xp:3 T:740  Burdened

Latest messages:
 This door is already open.
 You hear the splashing of a naiad.
 You hear someone cursing shoplifters.
 You see here a kobold corpse.
 You try to move the boulder, but in vain.
 You hear someone counting gold coins.
 You hear someone counting gold coins.
 You kill the lichen!
 Welcome to experience level 2.
 You see here a lichen corpse.
 There is a lichen corpse here; eat it? [ynq] (n) y
 This lichen corpse tastes okay.
 You finish eating the lichen corpse.
 You descend the stairs.
 The gnome hits!
 The gnome hits!
 You hear some noises.
 In what direction? u
 Snap!
 You kill the gnome!
 There is a branch staircase up to the Dungeons of Doom here.
 You see here a gnome corpse.
 The gnome hits!
 You kill the gnome!
 There is a gnome corpse here; eat it? [ynq] (n) y
 Blecch!  Rotten food!
 The world spins and goes dark.
 You dream that you hear a nearby zap.
 You materialize in a different location!
 You are almost hit by a dagger.
 You are conscious again.
 You see here a corroded dagger.
 You see here a brass lantern.
 A bear trap closes on your foot!
 Your movements are slowed slightly because of your load.
 You lash the gnome.
 You miss the gnome.
 You kill the gnome!
 Welcome to experience level 3.
 You have a little trouble lifting r - a brass lantern.
 The dwarf picks up 4 corroded daggers.
 You miss the dwarf.
 The dwarf swings his broad pick.
 The dwarf hits!
 You die...
 Do you want your possessions identified? [ynq] (y) y
 Do you want to see your attributes? [ynq] (y) y
 Do you want an account of creatures vanquished? [ynaq] (y) n
 Do you want to see your conduct and achievements? [ynq] (y) n
 Do you want to see the dungeon overview? [ynq] (y) n

Inventory:
 Coins    ('$')
  $ - 145 gold pieces
 Weapons  (')')
  a - a +2 bullwhip (weapon in right hand)
 Armor    ('[')
  c - an uncursed +0 fedora (being worn)
  o - an uncursed +0 pair of speed boots (being worn)
  b - an uncursed +0 leather jacket (being worn)
 Comestibles  ('%')
  j - 2 uncursed slime molds
  q - an uncursed cram ration
  d - 4 uncursed food rations
 Scrolls  ('?')
  l - an uncursed scroll of create monster
 Spellbooks  ('+')
  k - an uncursed spellbook of protection
 Potions  ('!')
  m - an uncursed potion of levitation
 Tools    ('(')
  h - an uncursed sack containing 1 item
  r - a cursed brass lantern
  n - a magic marker (0:50)
  i - an uncursed oil lamp
  f - a tinning kit (0:39)
 Gems/Stones  ('*')
  g - an uncursed touchstone

Contents of the sack:
  a +0 pick-axe

ARFwashere the Archeologist's attributes:

Background:
 You were a Field Worker, a level 3 male human Archeologist.
 You were neutral, on a mission for Camaxtli
 who was opposed by Quetzalcoatl (lawful) and Huhetotl (chaotic).
 You were right-handed.
 You were in the Gnomish Mines, on level 3.
 You entered the dungeon 740 turns ago.
 You had 43 experience points, 37 more were needed to attain level 4.

Basics:
 You had 0 out of 24 hit points.
 You had all 14 energy points (spell power).
 Your armor class was 8.
 Your wallet contained 145 zorkmids.
 Autopickup was on for '$' plus thrown.

Final Characteristics:
 Your strength was 12 (limit:18/100).
 Your dexterity was 8 (base:9, limit:18).
 Your constitution was 10 (limit:18).
 Your intelligence was 17 (limit:18).
 Your wisdom was 17 (limit:18).
 Your charisma was 10 (limit:18).

Final Status:
 You were trapped in a bear trap.
 You had a wounded right leg.
 You weren't hungry.
 You were burdened; movement was slightly slowed.
 You were wielding a whip.
 You had basic skill with whip.

Final Attributes:
 You were fervently aligned.
 You had automatic searching.
 You were very fast.
 You were lucky.
 You are dead.

Miscellaneous:
 You didn't encounter any bones levels.
 Total elapsed playing time was 10 minutes and 42 seconds.

Major events:
 Turn
    1: ARFwashere the neutral male human Archeologist entered the dungeon
  278: entered the Gnomish Mines
  738: attained the rank of Field Worker (level 3)
  740: killed by a dwarf

You didn't know any spells.

Skills:
 Fighting Skills
   bare handed combat [Unskilled]
   two weapon combat  [Unskilled]
   riding             [Unskilled]
 Weapon Skills
   dagger             [Unskilled]
   knife              [Unskilled]
   pick-axe           [Basic]
   short sword        [Unskilled]
   saber              [Unskilled]
   club               [Unskilled]
   quarterstaff       [Unskilled]
   sling              [Unskilled]
   dart               [Unskilled]
   boomerang          [Unskilled]
   whip               [Basic]
   unicorn horn       [Unskilled]
 Spellcasting Skills
   attack spells      [Unskilled]
   healing spells     [Unskilled]
   divination spells  [Unskilled]
   matter spells      [Unskilled]

Voluntary challenges:
 Character rerolling was not enabled.
 You were an atheist.
 You never genocided any monsters.
 You never polymorphed an object.
 You never changed form.
 You used no wishes.
Achievements:
 You entered the Gnomish Mines.
 You entered a shop.
 You attained the rank of Field Worker.

 The Dungeons of Doom: levels 1 to 4
    Level 1:
       Some fountains.
    Level 2:
       An armor shop, a fountain.
       Stairs down to The Gnomish Mines.
    Level 3:
       A fountain.
    Level 4:
       A fountain.
 The Gnomish Mines:
    Level 3: <- You were here.
       Final resting place for
          you, killed by a dwarf.


Vanquished creatures:
  5 gnomes
  a kobold
  a goblin
  a sewer rat
  4 grid bugs
  a lichen
  a kobold zombie
  a newt
15 creatures vanquished.

No species were genocided or became extinct.

Game over:
                       ----------
                      /          \
                     /    REST    \
                    /      IN      \
                   /     PEACE      \
                  /                  \
                  |    ARFwashere    |
                  |      145 Au      |
                  |   killed by a    |
                  |      dwarf       |
                  |                  |
                  |                  |
                  |       2026       |
                 *|     *  *  *      | *
        _________)/\\_//(\/(/\)/\//\/|_)_______

Goodbye ARFwashere the Archeologist...

You died in The Gnomish Mines on dungeon level 3 with 453 points,
and 145 pieces of gold, after 740 moves.
You were level 3 with a maximum of 24 hit points when you died.

